 Dungeon Crawl Stone Soup version 0.23-a0-448-g1c01f63 (webtiles) character file.

6755 Dfrag the Geomancer (level 10, -3/75 HPs)
             Began as a Deep Dwarf Earth Elementalist on Nov 19, 2018.
             Was a Priest of Makhleb.
             Slain by a troll (10 damage)
             ... on level 10 of the Dungeon.
             The game lasted 00:19:34 (8723 turns).

Dfrag the Geomancer (Deep Dwarf Earth Elementalist) Turns: 8723, Time: 00:19:34

Health: -3/75      AC:  6    Str: 11    XL:     10   Next: 75%
Magic:  18/23      EV: 12    Int: 20    God:    Makhleb [***...]
Gold:   364        SH:  0    Dex: 13    Spells: 16/27 levels left

rFire    + . .     SeeInvis .   D - staff of earth
rCold    + . .     Gourm    .   (no shield)
rNeg     + . .     Faith    .   u - +0 leather armour {rPois}
rPois    +         Spirit   .   x - +0 helmet
rElec    .         Reflect  .   o - scarf {rC+ rF+}
rCorr    .         Harm     .   (no gloves)
MR       +....                  a - +1 pair of boots
Stlth    ++........             (no amulet)
HPRegen  0.00/turn              A - ring of positive energy
MPRegen  0.18/turn              (no ring)

@: non-regenerating
A: damage resistance, heal wounds, sense surroundings 2, no regeneration
a: Heal Wounds, Minor Destruction, Lesser Servant of Makhleb, Renounce Religion


You were on level 10 of the Dungeon.
You worshipped Makhleb.
Makhleb was most pleased with you.
You were not hungry.

You visited 1 branch of the dungeon, and saw 10 of its levels.

You collected 511 gold pieces.
You spent 147 gold pieces at shops.

Inventory:

Hand Weapons
 j - a +2 whip of freezing
 r - a +3 club
 E - the cursed +1 short sword of Qoxubuigh {pierce, +Blink rElec rC+ MR+}
   (You took it off a crimson imp on level 6 of the Dungeon)

   It inflicts extra damage upon your enemies.
   It protects you from cold.
   It insulates you from electricity.
   It affects your resistance to hostile enchantments.
   It lets you blink.
   It has a curse placed upon it.
Missiles
 b - 206 stones (quivered)
Armour
 a - a +1 pair of boots (worn)
 c - a +0 robe
 o - a scarf of resistance (worn)
 u - a +0 leather armour of poison resistance (worn)
 x - a +0 helmet (worn)
Magical Staves
 D - an uncursed staff of earth (weapon)
Jewellery
 A - a ring of positive energy (left hand)
Wands
 z - a wand of iceblast (1)
 F - a wand of acid (16)
 G - a wand of scattershot (3)
 I - a wand of digging (9)
Scrolls
 e - 7 scrolls of teleportation
 h - a scroll of identify
 i - 3 scrolls of enchant armour
 m - 8 scrolls of remove curse
 p - 3 scrolls of amnesia
 q - 5 scrolls of blinking
 s - 4 scrolls of fog
 t - 2 scrolls of immolation
 w - 3 scrolls of magic mapping
 y - 2 scrolls of noise
 H - a scroll of enchant weapon
Potions
 f - a potion of heal wounds {unknown}
 g - a potion of lignification {unknown}
 k - 5 potions of haste
 l - 2 potions of mutation {unknown}
 n - 3 potions of curing {unknown}
 v - a potion of brilliance {unknown}
 B - 4 potions of degeneration {unknown}
 C - 2 potions of flight {unknown}
 J - a potion of invisibility {unknown}
 K - a potion of resistance {unknown}
 M - a potion of magic {unknown}
Comestibles
 d - 24 rations


   Skills:
 - Level 2.1 Dodging
 - Level 2.4 Stealth
 * Level 9.1 Spellcasting
 * Level 9.4 Conjurations
 - Level 0.8 Transmutations
 + Level 10.5 Earth Magic


You had 16 spell levels left.
You knew the following spells:

 Your Spells              Type           Power        Failure   Level  Hunger
a - Sandblast             Erth           ######       1%          1    None
b - Passwall              Tmut/Erth      #####...     1%          2    None
c - Stone Arrow           Conj/Erth      ######       1%          3    None
d - Lee's Rapid Deconstr  Erth           ######....   3%          5    #####..

Your spell library contained the following spells:

 Spells                   Type           Power        Failure   Level  Hunger
 Animate Skeleton         Necr           N/A          10%         1    None
 Apportation              Tloc           #.....       10%         1    None
 Confusing Touch          Hex            #.....       10%         1    None
 Summon Small Mammal      Summ           #...         10%         1    None
 Petrify                  Tmut/Erth      #####...     10%         4    ###....


Dungeon Overview and Level Annotations

Branches:
Dungeon (10/15)            Temple (0/1) D:4            Lair (0/6) D:8
    Orc: D:9-12

Altars:
Dithmenos
Makhleb
Nemelex Xobeh
Ru
Uskayaw

Shops:
D:7 %   D:9 ?((=

Annotations:
D:7 Harold


Innate Abilities, Weirdness & Mutations

You are resistant to damage.
You can heal yourself by infusing magical energy.
You passively map the area around you.
You do not regenerate.


Message History

Okay, then.
Evoke which item? (* to show all) (? for menu, Esc to quit)
Okay, then.
Casting: Lee's Rapid Deconstruction (safe; 3% risk of failure)
Confirm with . or Enter, or press ? or * to list all spells.
Aiming: Passwall (safe; 1% risk of failure)
Press: ? - help, Dir - move target cursor A rock wall.
You feel a surge of power!
You begin to meditate on the wall.
You continue meditating on the rock.
The troll bites you!
* * * LOW HITPOINT WARNING * * *
The troll claws you!
* * * LOW HITPOINT WARNING * * *
The troll claws you.
You continue meditating on the rock.
The troll bites you!
* * * LOW HITPOINT WARNING * * *
The troll claws you!
You die...

#..........## #....#.....#
#).)........## #........##.
####.........### #...........
#.###...#...# ####........##.
#.# #...###.####<.......#.....
#.# #......................#..
#.# #..............#.####.##..
#.# #....##.#######..###......
#.# #........@T.#...##....##..
##.###...##.####...............
#...###..##.# ####'#########.#
#...# #.....#** #..##........#
#...###....## #....#........#
#..........# +....####.....#
#.......#..# ,##.$##,,##....#
#...##..>### * ###',, #....#
#...#...## , , # , #....#


You could see a troll.

Vanquished Creatures
  2 two-headed ogres
  Pikel (D:4)
  A komodo dragon (D:10)
  A spriggan (D:10)
  6 yaks (D:9)
  A hungry ghost (D:8)
  Menkaure (D:4)
  An orc warrior (D:6)
  2 sky beasts (D:9)
  A necrophage (D:9)
  An ice beast (D:9)
  An eye of draining (D:6)
  5 ogres
  2 black bears
  3 bullfrogs
  5 scorpions
  5 killer bees (D:8)
  5 wights (D:9)
  3 howler monkeys
  3 bullfrog zombies
  A centaur zombie (D:10)
  A hound (D:7)
  3 crimson imps
  6 orc priests
  A bullfrog skeleton (D:8)
  2 centaur skeletons
  2 iguanas
  Jessica (D:2)
  3 orc wizards
  7 worker ants
  Robin (D:4)
  A howler monkey skeleton (D:5)
  3 gnolls (D:2)
  9 adders
  An ooze (D:4)
  2 adder skeletons (D:4)
  4 dart slugs (D:1)
  5 leopard geckos
  25 orcs
  2 ball pythons
  7 giant cockroaches
  12 goblins
  9 hobgoblins
  11 jackals
  7 quokkas
  5 bats
  6 frilled lizards
  A jackal skeleton (D:5)
  A jackal zombie (D:8)
  14 kobolds
  8 rats
211 creatures vanquished.

Vanquished Creatures (others)
  Eustachio (D:4)
  A slave (D:4)
  3 orcs (D:4)
  A jackal (D:3)
6 creatures vanquished.

Grand Total: 217 creatures vanquished

Notes
Turn   | Place    | Note
-------+----------+-------------------------------------------
     0 | D:1      | Dfrag the Deep Dwarf Earth Elementalist began the quest for
                  | the Orb.
     0 | D:1      | Reached XP level 1. HP: 15/15 MP: 3/3
   148 | D:1      | Reached XP level 2. HP: 20/22 MP: 1/5
   419 | D:1      | Reached XP level 3. HP: 22/28 MP: 4/7
   427 | D:1      | Learned a level 3 spell: Stone Arrow
   858 | D:2      | Reached skill level 1 in Conjurations
  1010 | D:2      | Reached XP level 4. HP: 13/36 MP: 5/8
  1061 | D:2      | Found a shadowy altar of Dithmenos.
  1099 | D:2      | Noticed Jessica
  1110 | D:2      | Killed Jessica
  1213 | D:2      | Reached skill level 5 in Earth Magic
  1337 | D:2      | Learned a level 2 spell: Passwall
  1445 | D:2      | Found a burning altar of Makhleb.
  1445 | D:2      | Found a sparkling altar of Nemelex Xobeh.
  1484 | D:2      | Became a worshipper of Makhleb the Destroyer
  1695 | D:3      | Reached XP level 5. HP: 25/42 MP: 4/10
  1736 | D:3      | Found a hide-covered altar of Uskayaw.
  2209 | D:3      | Reached * piety under Makhleb
  2649 | D:4      | Reached XP level 6. HP: 20/49 MP: 1/11
  2802 | D:4      | Noticed Robin
  2863 | D:4      | Killed Robin
  2991 | D:4      | Noticed a slave
  3275 | D:4      | Noticed Eustachio
  3317 | D:4      | Noticed Pikel
  3317 | D:4      | Noticed a slave
  3318 | D:4      | Noticed a slave
  3320 | D:4      | Noticed a slave
  3430 | D:5      | Entered Level 5 of the Dungeon
  3456 | D:5      | Reached ** piety under Makhleb
  3559 | D:5      | Reached skill level 6 in Earth Magic
  3805 | D:5      | Found a sacrificial altar of Ru.
  3810 | D:5      | Reached XP level 7. HP: 44/55 MP: 3/13
  4055 | D:4      | Killed Pikel
  4055 | D:4      | Reached skill level 5 in Spellcasting
  4055 | D:4      | Reached skill level 7 in Earth Magic
  4055 | D:4      | Reached XP level 8. HP: 44/62 MP: 1/16
  4070 | D:4      | Killed Eustachio
  4099 | D:4      | Reached skill level 5 in Conjurations
  4221 | D:4      | Found a staircase to the Ecumenical Temple.
  4532 | D:4      | Noticed Menkaure
  4539 | D:4      | Killed Menkaure
  4897 | D:6      | Identified the cursed +1 short sword of Qoxubuigh {pierce,
                  | +Blink rElec rC+ MR+}
  5134 | D:6      | Reached skill level 8 in Earth Magic
  5278 | D:6      | Gained mutation: You passively map the area around you.
                  | [Deep Dwarf growth]
  5278 | D:6      | Reached XP level 9. HP: 15/68 MP: 11/18
  5684 | D:7      | Reached *** piety under Makhleb
  5845 | D:7      | Noticed Harold
  5992 | D:8      | Found a staircase to the Lair.
  6335 | D:8      | Learned a level 5 spell: Lee's Rapid Deconstruction
  6898 | D:8      | Noticed a two-headed ogre
  6906 | D:8      | Killed a two-headed ogre
  6906 | D:8      | Reached skill level 9 in Earth Magic
  6999 | D:7      | Found Itaugo Xag's Food Boutique.
  7293 | D:9      | Reached XP level 10. HP: 67/75 MP: 9/22
  7545 | D:9      | Found Ylloutuw's Jewellery Boutique.
  7683 | D:9      | Found Wyblueloy's Antique Weapon Shop.
  7714 | D:9      | Found Comiam's Antique Weapon Shoppe.
  7774 | D:9      | Noticed a two-headed ogre
  7807 | D:9      | Killed a two-headed ogre
  7952 | D:9      | Found Ryett's Magic Scroll Shoppe.
  7958 | D:9      | Bought a scroll of identify for 28 gold pieces
  7958 | D:9      | Bought a scroll of identify for 28 gold pieces
  7958 | D:9      | Bought a scroll of teleportation for 42 gold pieces
  7958 | D:9      | Bought a scroll of magic mapping for 49 gold pieces
  8113 | D:9      | Reached skill level 10 in Earth Magic
  8282 | D:10     | Entered Level 10 of the Dungeon
  8723 | D:10     | Slain by a troll

Vault maps used:
D:1:      dpeg_arrival_three_same_balls
D:2:      gammafunk_temple_overflow_elements, grunt_dithmenos_smoke_and_mirrors,
          uniq_jessica
D:3:      overflow_temple_1_default, due_unseen_surprise
D:4:      cheibrodos_pilgrimage, minmay_temple_entry_junction_2, first_ration,
          grunt_decor_one_mirror, uniq_pikel, uniq_eustachio, uniq_menkaure,
          uniq_robin
D:5:      kennysheep_little_box
D:7:      serial_shops, shop, uniq_harold
D:8:      lair_entry_dummy
D:9:      serial_shops, shop_statue, shop_statue,
          nicolae_shop_competitors_out_of_business, shop
D:10:     minmay_bubble_buster, the_bakery

Skill      XL: |  1  2  3  4  5  6  7  8  9 10 |
---------------+-------------------------------+-----
Spellcasting   | 2 3 4 5 6 8 9 |  9.1
Conjurations   | 1 2 3 4 6 8 9 |  9.4
Earth Magic    | 5 6 7 8 9 10 | 10.5
Dodging        | |  2.1
Stealth        | |  2.4
Transmutations | |  0.8

Action                   |  1- 3 |  4- 6 |  7- 9 | 10-12 || total
-------------------------+-------+-------+-------+-------++-------
Melee: Unarmed           |    26 |       |       |       ||    26
       Club              |       |    64 |     4 |       ||    68
       Whip              |       |       |    29 |       ||    29
       Staff             |       |       |     6 |    16 ||    22
 Cast: Sandblast         |    42 |   106 |    33 |    16 ||   197
       Stone Arrow       |     1 |    27 |    97 |    33 ||   158
       Passwall          |       |     3 |     3 |     2 ||     8
       Lee's Rapid Decon |       |       |       |    11 ||    11
 Abil: Heal Wounds       |       |     3 |       |       ||     3
Evoke: Wand              |       |     4 |     7 |       ||    11
  Use: Scroll            |       |       |       |     9 ||     9
 Stab: Sleeping          |       |     2 |       |       ||     2
       Paralysed         |       |     9 |       |       ||     9
  Eat: Chunk             |     1 |    10 |    16 |     7 ||    34
Armor: Robe              |     9 |    29 |    17 |       ||    55
       Leather armour    |       |       |    10 |     4 ||    14
Dodge: Dodged            |    21 |    86 |    62 |    20 ||   189

Table legend:
 A = Non-vault XP
 B = Vault XP
 C = Vault XP percentage of total XP
 D = Non-vault monster count
 E = Vault monster count
 F = Vault count percentage of total count
                 A         B        C        D         E       F
            +---------+---------+-------+---------+---------+-------
      Total |    8412 |    1239 |  12.8 |     190 |      22 |  10.4
            +---------+---------+-------+---------+---------+-------
        D:1 |      49 |       0 |   0.0 |      25 |       0 |   0.0
        D:2 |      77 |      37 |  32.5 |      24 |       1 |   4.0
        D:3 |     134 |       0 |   0.0 |      33 |       0 |   0.0
        D:4 |     640 |     978 |  60.4 |      26 |      20 |  43.5
        D:5 |     166 |       0 |   0.0 |       7 |       0 |   0.0
        D:6 |     818 |       0 |   0.0 |      18 |       0 |   0.0
        D:7 |     229 |       0 |   0.0 |       5 |       0 |   0.0
        D:8 |    1943 |       0 |   0.0 |      18 |       0 |   0.0
        D:9 |    3567 |       0 |   0.0 |      31 |       0 |   0.0
       D:10 |     789 |     224 |  22.1 |       3 |       1 |  25.0
            +---------+---------+-------+---------+---------+-------
